 Dungeon Crawl Stone Soup version 0.26-a0-54-g15ccc7ae60 (webtiles) character file.

Game seed: 9392825722740240222

588 Ozzies the Fighter (level 7, -6/68 HPs)
             Began as a Minotaur Fighter on June 7, 2020.
             Mangled by an ogre
             ... wielding a +0 giant club
              (22 damage)
             ... on level 4 of the Dungeon.
             The game lasted 00:07:00 (3568 turns).

Ozzies the Fighter (Minotaur Fighter)               Turns: 3568, Time: 00:07:00

Health: -6/68      AC:  7    Str: 23    XL:     7   Next: 15%
Magic:  6/6        EV:  7    Int:  5    God:
Gold:   171        SH:  9    Dex:  9    Spells: 6/6 levels left

rFire    . . .     SeeInvis .   a - +0 war axe
rCold    . . .     Gourm    .   c - +0 kite shield
rNeg     . . .     Faith    .   b - +0 scale mail
rPois    .         Spirit   .   (helmet restricted)
rElec    .         Reflect  .   (no cloak)
rCorr    .         Harm     .   (no gloves)
MR       .....                  (no boots)
Stlth    ..........             (no amulet)
HPRegen  0.21/turn              (no ring)
MPRegen  0.10/turn              (no ring)

@: lethally poisoned (-6 -> -7)
A: retaliatory headbutt, horns 2
a: no special abilities


You were on level 4 of the Dungeon.
You were near starving.

You visited 1 branch of the dungeon, and saw 4 of its levels.

You collected 171 gold pieces.

Inventory:

Hand Weapons
 a - a +0 war axe (weapon)
Armour
 b - a +0 scale mail (worn)
 c - a +0 kite shield (worn)
 d - a +1 leather armour of fire resistance
Jewellery
 g - an uncursed ring of poison resistance {unknown}
 k - a cursed -4 ring of strength {unknown}
 s - an uncursed ring of protection from magic {unknown}
Scrolls
 e - 4 scrolls of amnesia {unknown}
 h - a scroll of enchant weapon {unknown}
 i - 3 scrolls of remove curse {unknown}
 j - a scroll of fear {unknown}
 l - 2 scrolls of teleportation {unknown}
 m - a scroll of blinking {unknown}
 n - a scroll of identify {unknown}
 u - a scroll of immolation {unknown}
 v - a scroll of noise {unknown}
Potions
 o - 5 potions of curing {unknown}
 p - a potion of heal wounds {unknown}
 q - 2 potions of brilliance {unknown}
 r - a potion of flight {unknown}
 t - a potion of lignification {unknown}
 w - a potion of magic {unknown}
Comestibles
 f - 8 rations


   Skills:
 * Level 8.2 Fighting
 + Level 5.5 Axes
 - Level 4.0 Armour
 - Level 4.0 Shields


You had 6 spell levels left.
You didn't know any spells.
Your spell library was empty.

Dungeon Overview and Level Annotations

Branches:
Dungeon (4/15)
 Temple: D:4-7

Altars:
Ru
Uskayaw


Innate Abilities, Weirdness & Mutations

You reflexively headbutt those who attack you in melee.
You have a pair of horns on your head.


Message History

You hit the ogre.
The ogre is heavily wounded.
You feel sick. You block the ogre's attack.
You closely miss the ogre. You headbutt the ogre.
The ogre is heavily wounded.
The ogre hits you with a +0 giant club!
You hit the ogre.
The ogre is severely wounded.
You feel sick. The ogre barely misses you.
You hit the ogre.
The ogre is severely wounded.
You block the ogre's attack.
Your shield prevents you from hitting the ogre.
The ogre is severely wounded.
You feel sick. The ogre hits you with a +0 giant club.
* * * LOW HITPOINT WARNING * * *
You closely miss the ogre.
The ogre is severely wounded.
The ogre hits you with a +0 giant club!!
You die...

..?...........#...##.#
......##....#.##......
#...##.†..#.........
.##....#............#.
............###.....#.
....#.....###.#....... #
. ##..†..##.......#.
....###..........#....#
%.....O@.........#....#
......#..........##..##
.....................###
....................##.#
........................
......###...........#...
....## #..............
..# ..............
.....#.......


You could see an ogre.

Vanquished Creatures
  Eustachio (D:4)
  A scorpion (D:4)
  A howler monkey (D:4)
  2 hounds
  An iguana (D:4)
  2 orc wizards (D:3)
  2 worker ants (D:4)
  A hound skeleton (D:4)
  4 gnolls (D:3)
  4 adders
  An ooze (D:4)
  An adder zombie (D:3)
  3 worms (D:3)
  4 dart slugs
  A leopard gecko (D:3)
  9 orcs
  9 bats
  4 giant cockroaches
  2 goblins (D:3)
  A hobgoblin (D:3)
  6 jackals
  A quokka (D:3)
  5 frilled lizards
  5 kobolds
  4 rats
75 creatures vanquished.

Notes
Turn   | Place    | Note
-------+----------+-------------------------------------------
     0 | D:1      | Ozzies the Minotaur Fighter began the quest for the Orb.
     0 | D:1      | Reached XP level 1. HP: 19/19 MP: 0/0
   566 | D:1      | Reached XP level 2. HP: 27/27 MP: 1/1
   639 | D:1      | Reached skill level 4 in Fighting
  1239 | D:2      | Found a hide-covered altar of Uskayaw.
  1240 | D:2      | Noticed a +0 hand axe
  1241 | D:2      | Noticed a +0 hand axe
  1278 | D:2      | Reached XP level 3. HP: 34/34 MP: 2/2
  1642 | D:3      | Reached skill level 5 in Fighting
  1642 | D:3      | Reached XP level 4. HP: 14/42 MP: 3/3
  1895 | D:3      | HP: 2/42 [gnoll/+0 spear (1)]
  2524 | D:3      | Reached XP level 5. HP: 47/50 MP: 4/4
  3010 | D:4      | Reached skill level 6 in Fighting
  3011 | D:4      | Noticed Eustachio
  3036 | D:3      | Reached XP level 6. HP: 10/58 MP: 5/5
  3332 | D:4      | Killed Eustachio
  3332 | D:4      | Reached skill level 7 in Fighting
  3332 | D:4      | Reached skill level 5 in Axes
  3407 | D:4      | Found a sacrificial altar of Ru.
  3541 | D:4      | Reached skill level 8 in Fighting
  3541 | D:4      | Reached XP level 7. HP: 48/68 MP: 6/6
  3568 | D:4      | Mangled by an ogre

Illustrated notes

Levels and vault maps discovered:
D:1:      minmay_arrival_glassed_features, layout_loops_corners,
          chequers_big_river, roderic_lattice_a, patterned_corridor
D:2:      layout_rooms, dancing_weapons_uskayaw
D:3:      minmay_recursive_quarters, layout_loops_cross, first_ration,
          hangedman_decor_diamond_cutter
D:4:      layout_cave_pools, chequers_serial_rivers_small_b,
          nicolae_ru_awakened_eye, uniq_duvessa, uniq_eustachio

Skill      XL: |  1  2  3  4  5  6 |
---------------+-------------------+-----
Fighting       | 4 5 6 8 |  8.2
Armour         | 4 |  4.0
Shields        | 4 |  4.0
Axes           | 3 4 5 |  5.5

Action                   |  1- 3 |  4- 6 |  7- 9 || total
-------------------------+-------+-------+-------++-------
Melee: War axe           |    53 |   118 |    24 ||   195
       Headbutt          |     9 |    16 |     3 ||    28
  Use: Potion            |       |     1 |       ||     1
  Eat: Chunk             |     2 |     5 |       ||     7
Armor: Scale mail        |    27 |    76 |     9 ||   112
Dodge: Dodged            |    14 |    46 |    13 ||    73
Block: Kite shield       |    35 |    86 |    12 ||   133

Table legend:
 A = Non-vault XP
 B = Vault XP
 C = Vault XP percentage of total XP
 D = Non-vault monster count
 E = Vault monster count
 F = Vault count percentage of total count
                 A         B        C        D         E       F
            +---------+---------+-------+---------+---------+-------
      Total |     621 |     219 |  26.1 |      66 |       9 |  12.0
            +---------+---------+-------+---------+---------+-------
        D:1 |      17 |       0 |   0.0 |       9 |       0 |   0.0
        D:2 |      25 |       0 |   0.0 |       9 |       0 |   0.0
        D:3 |     241 |      28 |  10.4 |      33 |       8 |  19.5
        D:4 |     338 |     191 |  36.1 |      15 |       1 |   6.2
            +---------+---------+-------+---------+---------+-------
